APP
GREAT FALLS VOYAGERS @ OREM OWLZ
08/25/2048
 
TOP OF THE 1ST
Great Falls Voyagers batting - Pitching for Orem Owlz : LHP Aqissiaq Storch
Pitching: LHP Aqissiaq Storch
Batting: RHB Andy Cotton 0-0: Ball
1-0: Called Strike
1-1: Fly out, F4 (Popup, 4S, EV 61.9 MPH)
Batting: RHB Russ Cornett 0-0: Ball
1-0: Ball
2-0: Ball
3-0: Called Strike
3-1: Foul Ball, location: 2F
3-2: SINGLE (Groundball, 56D, EV 103.1 MPH)
Batting: SHB Rob Haney 0-0: Called Strike
0-1: Foul Ball, location: 2F
0-2: Ball
1-2: Foul Ball, location: 2F
1-2: Foul Ball, location: 2F
1-2: Grounds into double play, 6-4-3 (Groundball, 6, EV 87.5 MPH)
Top of the 1st over - 0 runs, 1 hit, 0 errors, 0 left on base; Great Falls 0 - Orem 0
BOTTOM OF THE 1ST
Orem Owlz batting - Pitching for Great Falls Voyagers : LHP Jose Herrera
Pitching: LHP Jose Herrera
Batting: RHB Daniel Molina 0-0: Ball
1-0: Foul Ball, location: 2F
1-1: Ball
2-1: SOLO HOME RUN (Flyball, 78XD, EV 103.1 MPH), Distance : 410 ft
Batting: RHB Fred Saxton 0-0: SINGLE (Line Drive, 78S, EV 97.5 MPH)
Batting: RHB Kyle Gray 0-0: Called Strike
Fred Saxton steals 2nd base
0-1: Called Strike
0-2: Ground out 6-3 (Groundball, 56, EV 90.0 MPH)
Batting: RHB Carlos Gonzales 0-0: Ball
1-0: Called Strike
1-1: Ball
2-1: Foul Ball, location: 2F
2-2: Foul Ball, location: 2F
2-2: Foul Ball, location: 2F
2-2: Foul Ball, location: 2F
2-2: Foul Ball, location: 2F
2-2: Ball
3-2: Strikes out swinging
Batting: SHB David Vigo 0-0: Fly out, F8 (Flyball, 8RM, EV 91.9 MPH)
Bottom of the 1st over - 1 run, 2 hits, 0 errors, 1 left on base; Great Falls 0 - Orem 1
TOP OF THE 2ND
Great Falls Voyagers batting - Pitching for Orem Owlz : LHP Aqissiaq Storch
Batting: RHB Billy Grubbs 0-0: Ball
1-0: Called Strike
1-1: Foul Ball, location: 2F
1-2: Strikes out swinging
Batting: RHB Mitch Cuadros 0-0: SINGLE (Groundball, 6MS, EV 79.4 MPH) (infield hit)
Batting: RHB Francisco Marin 0-0: Ball
1-0: Called Strike
1-1: Foul Ball, location: 2F
1-2: Ball
2-2: Ball
3-2: Foul Ball, location: 2F
3-2: Strikes out swinging
Batting: RHB Enrique Gomez 0-0: 2-RUN HOME RUN (Flyball, 78XD, EV 100.0 MPH), Distance : 415 ft
Batting: LHB Jose Pereyra 0-0: Ball
1-0: Ball
2-0: Ball
3-0: Called Strike
3-1: Swinging Strike
3-2: Strikes out looking
Top of the 2nd over - 2 runs, 2 hits, 0 errors, 0 left on base; Great Falls 2 - Orem 1
BOTTOM OF THE 2ND
Orem Owlz batting - Pitching for Great Falls Voyagers : LHP Jose Herrera
Batting: RHB David Rhodes 0-0: Called Strike
0-1: Swinging Strike
0-2: Foul Ball, location: 2F
0-2: Ball
1-2: Strikes out swinging
Batting: LHB Bill Girton 0-0: Ball
1-0: Swinging Strike
1-1: Foul Ball, location: 2F
1-2: Ball
2-2: Ball
3-2: Ground out 6-3 (Groundball, 4M, EV 81.9 MPH)
Batting: SHB Yuya Hirata 0-0: Called Strike
0-1: Ball
1-1: SOLO HOME RUN (Flyball, 78XD, EV 109.4 MPH), Distance : 414 ft
Batting: RHB Jesse Sargent 0-0: Called Strike
0-1: Swinging Strike
0-2: DOUBLE (Line Drive, 7LD, EV 106.9 MPH)
Batting: RHB Daniel Molina 0-0: Swinging Strike
0-1: Ball
1-1: Called Strike
1-2: 2-RUN HOME RUN (Flyball, 78XD, EV 115.6 MPH), Distance : 430 ft
Batting: RHB Fred Saxton 0-0: Ball
1-0: Foul Ball, location: 2F
1-1: Ball
2-1: Called Strike
2-2: Ball
3-2: Fly out, F9 (Line Drive, 9S, EV 103.1 MPH)
Bottom of the 2nd over - 3 runs, 3 hits, 0 errors, 0 left on base; Great Falls 2 - Orem 4
TOP OF THE 3RD
Great Falls Voyagers batting - Pitching for Orem Owlz : LHP Aqissiaq Storch
Batting: RHB David Cortez 0-0: Ball
1-0: Ball
2-0: Called Strike
2-1: Foul Ball, location: 2F
2-2: Strikes out swinging
Batting: RHB Andy Cotton 0-0: Called Strike
0-1: Ball
1-1: Called Strike
1-2: Foul Ball, location: 2F
1-2: SOLO HOME RUN (Flyball, 78XD, EV 110.6 MPH), Distance : 410 ft
Batting: RHB Russ Cornett 0-0: Ball
1-0: Ball
2-0: Foul Ball, location: 2F
2-1: Foul Ball, location: 2F
2-2: Foul Ball, location: 2F
2-2: Foul Ball, location: 2F
2-2: Strikes out swinging
Batting: SHB Rob Haney 0-0: Called Strike
0-1: Ball
1-1: Hit by Pitch
Batting: RHB Billy Grubbs 0-0: Ball
1-0: Hit by Pitch
Rob Haney to second
Batting: RHB Mitch Cuadros 0-0: Ball
1-0: Foul Ball, location: 2F
1-1: Ball
2-1: Called Strike
2-2: Ground out 4-3 (Groundball, 4, EV 94.4 MPH)
Top of the 3rd over - 1 run, 1 hit, 0 errors, 2 left on base; Great Falls 3 - Orem 4
BOTTOM OF THE 3RD
Orem Owlz batting - Pitching for Great Falls Voyagers : LHP Jose Herrera
Batting: RHB Kyle Gray 0-0: Called Strike
0-1: Fly out, F7 (Flyball, 7D, EV 91.2 MPH)
Batting: RHB Carlos Gonzales 0-0: Ball
1-0: SINGLE (Groundball, 56D, EV 108.1 MPH)
Batting: SHB David Vigo 0-0: Ball
1-0: Swinging Strike
1-1: Ball
2-1: Swinging Strike
2-2: Strikes out looking
Batting: RHB David Rhodes 0-0: Called Strike
Carlos Gonzales is caught stealing 2nd base 2-4
Bottom of the 3rd over - 0 runs, 1 hit, 0 errors, 0 left on base; Great Falls 3 - Orem 4
TOP OF THE 4TH
Great Falls Voyagers batting - Pitching for Orem Owlz : LHP Aqissiaq Storch
Batting: RHB Francisco Marin 0-0: Ball
1-0: Called Strike
1-1: Ball
2-1: Foul Ball, location: 2F
2-2: Strikes out swinging
Batting: RHB Enrique Gomez 0-0: Foul Ball, location: 2F
0-1: Ball
1-1: Called Strike
1-2: Hit by Pitch
Batting: LHB Jose Pereyra 0-0: Ball
1-0: Ball
2-0: Called Strike
2-1: Foul Ball, location: 2F
2-2: Foul Ball, location: 2F
2-2: Ball
3-2: Strikes out looking
Enrique Gomez is caught stealing 2nd base 2-6
Batter strikes out.
Top of the 4th over - 0 runs, 0 hits, 0 errors, 0 left on base; Great Falls 3 - Orem 4
BOTTOM OF THE 4TH
Orem Owlz batting - Pitching for Great Falls Voyagers : LHP Jose Herrera
Batting: RHB David Rhodes 0-0: Ball
1-0: Ball
2-0: Ball
3-0: Base on Balls
Batting: LHB Bill Girton 0-0: Swinging Strike
0-1: Swinging Strike
0-2: Ball
1-2: Foul Ball, location: 2F
1-2: Foul Ball, location: 2F
1-2: Ball
2-2: Foul Ball, location: 2F
2-2: Foul Ball, location: 2F
2-2: Foul Ball, location: 2F
2-2: Ball
3-2: DOUBLE (Groundball, 5L, EV 103.1 MPH)
David Rhodes to third
Batting: SHB Yuya Hirata 0-0: Ball
1-0: Called Strike
1-1: Reached on error, E4 (Groundball, 13, EV 90.6 MPH)
David Rhodes scores
Bill Girton to third
Pitching: RHP Tristan Chapple
Batting: RHB Jesse Sargent 0-0: SINGLE (Groundball, 6MD, EV 95.6 MPH)
Bill Girton scores
Yuya Hirata to second
Batting: RHB Daniel Molina 0-0: Fly out, F9 (Flyball, 9, EV 95.0 MPH)
Batting: RHB Fred Saxton 0-0: Swinging Strike
0-1: Ball
1-1: Foul Ball, location: 2F
1-2: Strikes out looking
Batting: RHB Kyle Gray 0-0: Ball
1-0: Ball
2-0: Ball
3-0: Called Strike
3-1: Ground out 5-3 (Groundball, 56S, EV 66.9 MPH)
Bottom of the 4th over - 2 runs, 2 hits, 1 error, 2 left on base; Great Falls 3 - Orem 6
TOP OF THE 5TH
Great Falls Voyagers batting - Pitching for Orem Owlz : LHP Aqissiaq Storch
Batting: RHB David Cortez 0-0: Ground out 6-3 (Groundball, 6, EV 85.6 MPH)
Batting: RHB Andy Cotton 0-0: Ball
1-0: Called Strike
1-1: Ground out 5-3 (Groundball, 5, EV 98.1 MPH)
Batting: RHB Russ Cornett 0-0: Called Strike
0-1: Ball
1-1: Called Strike
1-2: Ball
2-2: Ball
3-2: Foul Ball, location: 2F
3-2: Ground out 5-3 (Groundball, 5L, EV 85.0 MPH)
Top of the 5th over - 0 runs, 0 hits, 0 errors, 0 left on base; Great Falls 3 - Orem 6
BOTTOM OF THE 5TH
Orem Owlz batting - Pitching for Great Falls Voyagers : RHP Tristan Chapple
Batting: RHB Carlos Gonzales 0-0: Ground out 1-3 (Groundball, 25, EV 76.9 MPH)
Batting: SHB David Vigo 0-0: Ground out 1-3 (Groundball, 13S, EV 69.4 MPH)
Batting: RHB David Rhodes 0-0: Swinging Strike
0-1: Swinging Strike
0-2: Ball
1-2: Ball
2-2: Foul Ball, location: 2F
2-2: Foul Ball, location: 2F
2-2: Strikes out looking
Bottom of the 5th over - 0 runs, 0 hits, 0 errors, 0 left on base; Great Falls 3 - Orem 6
TOP OF THE 6TH
Great Falls Voyagers batting - Pitching for Orem Owlz : LHP Aqissiaq Storch
Batting: SHB Rob Haney 0-0: Ball
1-0: Swinging Strike
1-1: Ball
2-1: Swinging Strike
2-2: Foul Ball, location: 2F
2-2: Ball
3-2: Strikes out swinging
Batting: RHB Billy Grubbs 0-0: Ball
1-0: Swinging Strike
1-1: Swinging Strike
1-2: Strikes out swinging
Batting: RHB Mitch Cuadros 0-0: Swinging Strike
0-1: Ball
1-1: Ball
2-1: Foul Ball, location: 2F
2-2: Fly out, F9 (Line Drive, 9D, EV 94.4 MPH)
Top of the 6th over - 0 runs, 0 hits, 0 errors, 0 left on base; Great Falls 3 - Orem 6
BOTTOM OF THE 6TH
Orem Owlz batting - Pitching for Great Falls Voyagers : RHP Tristan Chapple
Batting: LHB Bill Girton 0-0: Ball
1-0: Ball
2-0: Ball
3-0: Called Strike
3-1: Called Strike
3-2: Foul Ball, location: 2F
3-2: Base on Balls
Batting: SHB Yuya Hirata 0-0: Swinging Strike
0-1: Ball
1-1: SINGLE (Groundball, 34D, EV 104.4 MPH)
Bill Girton to second
Runner from 2nd tries for 3rd, SAFE, no throw by RF
Pinch Runner at 3rd Ivan Barrientos:
Batting: RHB Jesse Sargent 0-0: Ball
1-0: Foul Ball, location: 2F
1-1: Foul Ball, location: 2F
1-2: Foul Ball, location: 2F
1-2: Strikes out swinging
Batting: RHB Daniel Molina 0-0: Ball
1-0: Ball
2-0: Foul Ball, location: 2F
2-1: Ball
3-1: Fielders Choice at 2nd, U6 (Groundball, 4MS, EV 85.6 MPH)
Ivan Barrientos scores
Batting: RHB Fred Saxton 0-0: Called Strike
0-1: Ball
Daniel Molina is caught stealing 2nd base 2-4
Bottom of the 6th over - 1 run, 1 hit, 0 errors, 0 left on base; Great Falls 3 - Orem 7
TOP OF THE 7TH
Great Falls Voyagers batting - Pitching for Orem Owlz : LHP Aqissiaq Storch
Pitching: RHP Nick Kempson
Now in LF: Brian Spry
Now in RF: Ivan Barrientos
Batting: RHB Francisco Marin 0-0: Called Strike
0-1: Ball
1-1: Ball
2-1: Called Strike
2-2: Strikes out swinging
Batting: RHB Enrique Gomez 0-0: Fly out, F7 (Line Drive, 7LM, EV 93.8 MPH)
Batting: LHB Jose Pereyra 0-0: Foul Ball, location: 2F
0-1: Called Strike
0-2: Ball
1-2: Ball
2-2: Foul Ball, location: 2F
2-2: Ball
3-2: Foul Ball, location: 2F
3-2: SOLO HOME RUN (Flyball, 89XD, EV 103.1 MPH), Distance : 420 ft
Batting: RHB David Cortez 0-0: Called Strike
0-1: Foul Ball, location: 2F
0-2: Ball
1-2: Strikes out swinging
Top of the 7th over - 1 run, 1 hit, 0 errors, 0 left on base; Great Falls 4 - Orem 7
BOTTOM OF THE 7TH
Orem Owlz batting - Pitching for Great Falls Voyagers : RHP Tristan Chapple
Batting: RHB Fred Saxton 0-0: Ball
1-0: Called Strike
1-1: Foul Ball, location: 2F
1-2: Strikes out swinging
Batting: RHB Kyle Gray 0-0: Called Strike
0-1: Foul Ball, location: 2F
0-2: Ball
1-2: Ball
2-2: Ball
3-2: Foul Ball, location: 2F
3-2: Base on Balls
Pitching: LHP Juan Fuentes
Batting: RHB Carlos Gonzales 0-0: Ball
1-0: Foul Ball, location: 2F
1-1: Fielders Choice at 2nd, 5-4 (Groundball, 56S, EV 79.4 MPH)
Batting: SHB David Vigo 0-0: Ball
Wild Pitch!
Carlos Gonzales to second
1-0: Ground out 5-3 (Groundball, 56S, EV 69.4 MPH)
Bottom of the 7th over - 0 runs, 0 hits, 0 errors, 1 left on base; Great Falls 4 - Orem 7
TOP OF THE 8TH
Great Falls Voyagers batting - Pitching for Orem Owlz : RHP Nick Kempson
Batting: RHB Andy Cotton 0-0: Called Strike
0-1: Foul Ball, location: 2F
0-2: SINGLE (Groundball, 6MD, EV 104.4 MPH)
Batting: RHB Russ Cornett 0-0: TRIPLE (Line Drive, 8LXD, EV 108.1 MPH)
Andy Cotton scores
Pinch Hitting: RHB Brad Adams Jr. 0-0: Called Strike
0-1: Foul Ball, location: 2F
0-2: Foul Ball, location: 2F
0-2: Foul Ball, location: 2F
0-2: Ball
1-2: Foul Ball, location: 2F
1-2: Foul Ball, location: 2F
1-2: SINGLE (Groundball, 34, EV 103.1 MPH)
Russ Cornett scores
Pitching: RHP Jerry Romero
Batting: RHB Billy Grubbs 0-0: Ball
1-0: Fielders Choice at 2nd, 5-4 (Groundball, 5, EV 102.5 MPH)
Batting: RHB Mitch Cuadros 0-0: SINGLE (Groundball, 56D, EV 103.1 MPH)
Billy Grubbs to second
Batting: RHB Francisco Marin 0-0: Ball
1-0: Ball
2-0: Foul Ball, location: 2F
2-1: Called Strike
2-2: Foul Ball, location: 2F
2-2: Ball
3-2: SINGLE (Line Drive, 4D, EV 95.0 MPH)
Billy Grubbs to third
Mitch Cuadros to second
Batting: RHB Enrique Gomez 0-0: Called Strike
0-1: Called Strike
0-2: Ball
1-2: Ball
2-2: Strikes out swinging
Pinch Hitting: RHB Tommy Ellington 0-0: Ball
1-0: Ball
2-0: Ball
3-0: Called Strike
3-1: Called Strike
3-2: Ground out 5-3 (Groundball, 56, EV 110.0 MPH)
Top of the 8th over - 2 runs, 5 hits, 0 errors, 3 left on base; Great Falls 6 - Orem 7
BOTTOM OF THE 8TH
Orem Owlz batting - Pitching for Great Falls Voyagers : LHP Juan Fuentes
Now at C: Tommy Ellington
Now at SS: Jose Romo
Now in LF: David Cortez
Batting: RHB David Rhodes 0-0: Ball
1-0: Called Strike
1-1: Ball
2-1: Called Strike
2-2: SINGLE (Line Drive, 6D, EV 96.9 MPH)
Batting: RHB Ivan Barrientos 0-0: Ball
1-0: Ball
2-0: Called Strike
2-1: SINGLE (Line Drive, 9S, EV 93.1 MPH)
David Rhodes to second
Batting: SHB Yuya Hirata 0-0: Bunted foul
0-1: Ball
1-1: Sac Bunt to 3S - play at first, batter OUT! 3-1
David Rhodes to third
Ivan Barrientos to second
Batting: RHB Jesse Sargent 0-0: Called Strike
0-1: Foul Ball, location: 2F
0-2: Strikes out swinging
Batting: RHB Brian Spry 0-0: Called Strike
0-1: Ball
1-1: Ground out 5-3 (Groundball, 56, EV 84.4 MPH)
Bottom of the 8th over - 0 runs, 2 hits, 0 errors, 2 left on base; Great Falls 6 - Orem 7
TOP OF THE 9TH
Great Falls Voyagers batting - Pitching for Orem Owlz : RHP Jerry Romero
Pitching: RHP Jeff Shelton
Pinch Hitting: RHB David Laureano 0-0: Called Strike
0-1: Ball
1-1: Fly out, F7 (Flyball, 78M, EV 86.2 MPH)
Batting: RHB Andy Cotton 0-0: Called Strike
0-1: Ball
1-1: Swinging Strike
1-2: Ball
2-2: Ball
3-2: SOLO HOME RUN (Flyball, 7LD, EV 94.4 MPH), Distance : 361 ft
Batting: RHB Russ Cornett 0-0: Foul Ball, location: 2F
0-1: Ball
1-1: SINGLE (Line Drive, 56, EV 101.2 MPH)
Batting: SHB Jose Romo 0-0: Called Strike
0-1: Ball
1-1: Called Strike
1-2: Ball
2-2: Strikes out swinging
Batting: RHB Billy Grubbs 0-0: Ball
1-0: Foul Ball, location: 2F
1-1: SINGLE (Groundball, P, EV 90.0 MPH) (infield hit)
Russ Cornett to second
Batting: RHB Mitch Cuadros 0-0: Foul Ball, location: 2F
0-1: SINGLE (Groundball, 6MD, EV 95.6 MPH)
Russ Cornett to third
Billy Grubbs to second
Runner from 3rd tries for Home, SAFE, throw by CF to home
Batting: RHB Francisco Marin 0-0: Swinging Strike
0-1: Ball
1-1: Called Strike
1-2: Strikes out looking
Top of the 9th over - 2 runs, 4 hits, 0 errors, 2 left on base; Great Falls 8 - Orem 7
BOTTOM OF THE 9TH
Orem Owlz batting - Pitching for Great Falls Voyagers : LHP Juan Fuentes
Pitching: RHP Toyotoshi Matsui
Now in LF: Andy Cotton
Now in RF: David Laureano
Pinch Hitting: LHB Matthew Bale 0-0: Ball
1-0: Called Strike
1-1: Ball
2-1: Ball
3-1: Base on Balls
Batting: RHB Kyle Gray 0-0: Called Strike
Pickoff Throw to First - Out! 1-3
0-1: Ball
1-1: Ball
2-1: Called Strike
2-2: SINGLE (Groundball, 6D, EV 106.9 MPH)
Pinch Hitting: LHB Ramon Garduno 0-0: Ball
1-0: Ball
2-0: Ball
3-0: Base on Balls
Kyle Gray to second
Batting: SHB David Vigo 0-0: Ball
1-0: Hit by Pitch
Kyle Gray to third
Ramon Garduno to second
Batting: RHB David Rhodes 0-0: Ball
1-0: Foul Ball, location: 2F
1-1: Swinging Strike
1-2: Grounds into fielders choice 6-2 (Groundball, 6, EV 86.2 MPH)
Ramon Garduno to third
David Vigo to second
Batting: RHB Ivan Barrientos 0-0: Fielders Choice at 2nd, 6-4 (Groundball, 6, EV 83.1 MPH)
Bottom of the 9th over - 0 runs, 1 hit, 0 errors, 3 left on base; Great Falls 8 - Orem 7
Tuesday, March 28th , 2023 - OOTP Baseball 23.10 Build 110